Demolitions vs Inferno
Created - 5 mars 2016 at 21:51
Goals
|
| Demolitions |
2 |
1 |
2 |
5 |
| Inferno |
0 |
1 |
1 |
2 |
|
Shots
|
| Demolitions |
8 |
9 |
11 |
28 |
| Inferno |
9 |
11 |
8 |
28 |
|
1st period
1. Demolitions , Bobby Butler 29 (Anton Babchuk, Brent Krahn) at 13:15 (PP)
2. Demolitions , Nigel Dawes 20 (Andrew Campbell) at 13:58 (PP)
Penalties :
Brian Boyle (Anc) for Roughing (Minor) at 12:31, Jonathan Ferland (Anc) for Holding (Minor) at 13:32, Vladimir Zharkov (Anc) for Holding (Minor) at 14:31
2nd period
3. Demolitions , Josh Beaulieu 10 (Ryan Craig, Robert Klinkhammer) at 8:47
4. Inferno , Cal O'Reilly 14 (David Ullstrom, Yannick Weber) at 11:20 (PP)
Penalties :
David Ullstrom (Anc) for Roughing (Minor) at 6:04, Bobby Butler (Vic) for Hooking (Minor) at 10:44, David Ullstrom (Anc) for Elbowing (Minor) at 11:49, Darren Helm (Vic) for Roughing (Minor) at 12:27, Ryan Craig (Vic) for Holding (Minor) at 16:14
3rd period
5. Demolitions , Konstantin Pushkarev 12 (Bobby Butler, Ryan Craig) at 3:54
6. Demolitions , Darren Helm 21 (Anton Babchuk, Nigel Dawes) at 7:32 (PP)
7. Inferno , Stephane Veilleux 27 (Jonathan Ferland, Mikhail Grabovski) at 19:17 (PP)
Penalties :
Vladimir Zharkov (Anc) for Holding (Minor) at 1:50, Stephane Veilleux (Anc) for Hooking (Minor) at 6:50, Sami Vatanen (Anc) for Fighting (Major) at 8:34, Anton Babchuk (Vic) for Fighting (Major) at 8:34, Anton Babchuk (Vic) for instigated a fight (Minor) at 8:34, Anton Babchuk (Vic) for instigated a fight (10 Minutes Misconduct) at 8:34, Scott Glennie (Vic) for Interference (Minor) at 19:05
Goalie Stats
Brent Krahn (Vic), 26 saves from 28 shots - (0,929), W, 27-17-5, 60:00 minutes
Josh Harding (Anc), 23 saves from 28 shots - (0,821), L, 23-15-4, 60:00 minutes
Players Stats for Demolitions
Player Name G A P +/- PIM S H SB GA TA FO MP PP MP PK MP
------------------------------------------------------------------------------------
Alex Hutchings 0 0 0 0 0 0 0 0 0 0 0/1 1:56 0:00 1:50
Andrew Campbell 0 1 1 1 0 0 0 2 0 1 0/0 27:56 5:45 3:01
Anssi Salmela 0 0 0 1 0 0 0 1 0 0 0/0 10:44 0:00 3:19
Anton Babchuk 0 2 2 1 17 1 0 2 1 0 0/0 20:27 5:45 0:00
Bobby Butler 1 1 2 1 2 4 2 3 1 2 0/0 22:41 4:22 2:50
Chris Wideman 0 0 0 0 0 0 0 1 0 0 0/0 9:20 0:00 0:00
Corban Knight 0 0 0 1 0 2 0 0 0 0 0/1 6:37 0:00 0:52
Darren Helm 1 0 1 0 2 6 0 0 1 0 4/17 19:29 4:04 1:28
Josh Beaulieu 1 0 1 1 0 1 0 0 1 0 0/0 6:10 0:00 0:23
Kenneth Agostino 0 0 0 0 0 0 0 0 0 0 0/0 0:00 0:00 0:00
Konstantin Pushkarev 1 0 1 1 0 2 3 0 0 0 0/1 18:20 4:17 0:00
Masi Marjamaki 0 0 0 0 0 0 0 0 0 0 0/0 2:36 0:05 0:00
Nick Pryor 0 0 0 1 0 0 0 1 0 0 0/0 5:59 0:00 0:00
Nicolas Blanchard 0 0 0 0 0 5 2 0 0 0 1/7 10:53 0:00 0:00
Nigel Dawes 1 1 2 0 0 1 3 3 0 0 0/0 18:51 4:05 0:49
Robert Bortuzzo 0 0 0 0 0 1 0 2 0 0 0/0 18:26 2:42 2:05
Robert Klinkhammer 0 1 1 0 0 1 1 2 0 0 0/1 10:53 0:00 0:00
Ryan Craig 0 2 2 2 2 4 4 3 1 0 18/45 25:50 4:17 2:26
Scott Glennie 0 0 0 0 2 0 0 0 0 0 0/0 10:52 0:00 0:00
Seth Helgeson 0 0 0 0 0 0 2 1 0 2 0/0 18:26 2:42 2:05
Taylor Aronson 0 0 0 0 0 0 0 0 0 0 0/0 8:41 0:00 0:18
Tom Kuhnhackl 0 0 0 0 0 0 2 0 0 1 0/0 17:36 4:05 0:00
Vince Rocco 0 0 0 0 0 0 0 0 0 0 0/0 0:27 0:05 0:10
Players Stats for Inferno
Player Name G A P +/- PIM S H SB GA TA FO MP PP MP PK MP
------------------------------------------------------------------------------------
Beau Bennett 0 0 0 0 0 1 0 0 0 0 0/0 6:54 0:00 0:00
Brendan Mikkelson 0 0 0 0 0 2 0 4 1 1 0/0 29:55 3:48 4:34
Brian Boyle 0 0 0 0 2 1 1 0 0 0 2/2 10:29 0:00 1:23
Cal O'Reilly 1 0 1 0 0 1 3 0 0 0 4/4 9:07 2:11 0:02
Christian Folin 0 0 0 0 0 0 0 0 0 0 0/0 7:31 0:00 0:00
Colby Robak 0 0 0 -2 0 0 1 0 0 0 0/0 14:33 1:58 3:14
David Ullstrom 0 1 1 -1 4 2 1 1 0 0 0/0 16:15 2:21 0:00
Evgeny Kuznetsov 0 0 0 0 0 0 0 0 0 1 0/0 8:48 0:00 0:00
Jonathan Ferland 0 1 1 -1 2 2 3 0 0 0 1/2 24:06 3:03 4:56
Marc Methot 0 0 0 0 0 1 1 2 0 0 0/0 22:55 0:34 5:13
Mikhail Grabovski 0 1 1 0 0 4 4 0 0 0 25/41 21:33 3:03 2:26
Pavel Vorobiev 0 0 0 0 0 1 2 0 0 0 0/0 8:48 0:00 0:00
Sami Vatanen 0 0 0 0 5 1 2 0 0 2 0/0 16:24 1:02 0:51
Stephane Veilleux 1 0 1 0 2 6 1 0 4 0 0/0 21:17 3:03 2:33
Vladimir Sobotka 0 0 0 -2 0 1 5 0 1 0 17/21 20:08 0:10 5:22
Vladimir Zharkov 0 0 0 -2 4 4 1 0 0 1 1/3 16:04 2:21 0:00
Yannick Weber 0 1 1 0 0 1 0 1 0 0 0/0 22:43 3:26 0:00
Zach Redmond 0 0 0 -2 0 0 2 1 0 0 0/0 12:34 0:00 3:14
3 Stars
1 - Nigel Dawes (Vic)
2 - Bobby Butler (Vic)
3 - Ryan Craig (Vic)
Power Play
Demolitions - 3 on 7 Attempt(s) - 42,86%
Inferno - 2 on 5 Attempt(s) - 40,00%
Penalty Kill
Demolitions - 3 on 5 Attempt(s) - 60,00%
- Score 0 goal in Penalty Kill
Inferno - 4 on 7 Attempt(s) - 57,14%
- Score 0 goal in Penalty Kill
Team Stat
Demolitions - Hits : 19 - Faceoff Wins : 23 - Blocked Shots : 21 - Penalty Minutes : 25
Inferno - Hits : 27 - Faceoff Wins : 50 - Blocked Shots : 9 - Penalty Minutes : 19
Official
Referees : Martell Rob and McCauley Wes
Linesman : Michel Cormier and Darren Gibbs
Game Notes
Sami Vatanen and Anton Babchuk fight to a draw at 8:34 of 3rd period
Finance
Level 1 -- Attendance: 1589 (79,45%) -- Ticket Income 55 615 $
Level 2 -- Attendance: 694 (69,40%) -- Ticket Income 10 410 $
Total Attendance: 2283 (76,10%)
Total Ticket Income: 66 025 $
Other Income: 3 301 $
Total Income: 69 326 $
Demolitions
5 vs 5 Forward
Center Left Wing Right Wing Time % Phy DF OF
1 Ryan Craig Bobby Butler Konstantin Pushkarev 40 1 2 2
2 Darren Helm Nigel Dawes Tom Kuhnhackl 30 1 2 2
3 Nicolas Blanchard Robert Klinkhammer Scott Glennie 20 1 2 2
4 Corban Knight Josh Beaulieu Ryan Craig 10 1 2 2
5 vs 5 Defense
Defense Defense Time % Phy DF OF
1 Anton Babchuk Andrew Campbell 40 1 2 2
2 Seth Helgeson Robert Bortuzzo 30 1 2 2
3 Chris Wideman Taylor Aronson 20 1 2 2
4 Nick Pryor Anssi Salmela 10 1 2 2
PowerPlay Forward
Center Left Wing Right Wing Time % Phy DF OF
1 Ryan Craig Bobby Butler Konstantin Pushkarev 60 1 2 2
2 Darren Helm Nigel Dawes Tom Kuhnhackl 40 1 2 2
PowerPlay Defense
Defense Defense Time % Phy DF OF
1 Anton Babchuk Andrew Campbell 60 1 2 2
2 Seth Helgeson Robert Bortuzzo 40 1 2 2
Penalty Kill 4 Players Forward
Center Wing Time % Phy DF OF
1 Ryan Craig Bobby Butler 60 1 2 2
2 Nigel Dawes Darren Helm 40 1 2 2
Penalty Kill 4 Players Defense
Defense Defense Time % Phy DF OF
1 Anssi Salmela Andrew Campbell 60 1 2 2
2 Seth Helgeson Robert Bortuzzo 40 1 2 2
Penalty Kill - 3 Players Forward
Forward Time % Phy DF OF
1 Ryan Craig 60 1 2 2
2 Bobby Butler 40 1 2 2
Penalty Kill - 3 Players Defense
Defense Defense Time % Phy DF OF
1 Anssi Salmela Andrew Campbell 60 1 2 2
2 Seth Helgeson Robert Bortuzzo 40 1 2 2
4 vs 4 Forward
Center Wing Time % Phy DF OF
1 Ryan Craig Bobby Butler 60 1 2 2
2 Nigel Dawes Darren Helm 40 1 2 2
4 vs 4 Defense
Defense Defense Time % Phy DF OF
1 Anssi Salmela Andrew Campbell 60 1 2 2
2 Seth Helgeson Robert Bortuzzo 40 1 2 2
Last Minutes Offensive
Center Left Wing Right Wing Defense Defense
Ryan Craig Bobby Butler Konstantin Pushkarev Anton Babchuk Andrew Campbell
Last Minutes Defensive
Center Left Wing Right Wing Defense Defense
Ryan Craig Bobby Butler Konstantin Pushkarev Anton Babchuk Andrew Campbell
Goaltenders
Starting : Brent Krahn
Backup : Jeff Frazee
Extra Forwards
Normal : Masi Marjamaki, Vince Rocco, Alex Hutchings - PP : Masi Marjamaki, Vince Rocco - PK : Alex Hutchings
Extra Defensemen
Normal : Chris Wideman, Taylor Aronson, Nick Pryor - PP : Chris Wideman - PK : Taylor Aronson, Nick Pryor
Penalty Shots
Ryan Craig, Bobby Butler, Nigel Dawes, Darren Helm, Konstantin Pushkarev
Inferno
5 vs 5 Forward
Center Left Wing Right Wing Time % Phy DF OF
1 Mikhail Grabovski Stephane Veilleux Jonathan Ferland 40 1 2 2
2 Vladimir Sobotka David Ullstrom Vladimir Zharkov 30 1 2 2
3 Brian Boyle Evgeny Kuznetsov Pavel Vorobiev 20 1 2 2
4 Cal O'Reilly Christian Folin Beau Bennett 10 1 2 2
5 vs 5 Defense
Defense Defense Time % Phy DF OF
1 Brendan Mikkelson Yannick Weber 40 1 2 2
2 Sami Vatanen Marc Methot 30 1 2 2
3 Zach Redmond Colby Robak 20 1 2 2
4 Brendan Mikkelson Marc Methot 10 1 2 2
PowerPlay Forward
Center Left Wing Right Wing Time % Phy DF OF
1 Mikhail Grabovski Stephane Veilleux Jonathan Ferland 60 1 2 2
2 Cal O'Reilly David Ullstrom Vladimir Zharkov 40 1 2 2
PowerPlay Defense
Defense Defense Time % Phy DF OF
1 Brendan Mikkelson Yannick Weber 60 1 2 2
2 Sami Vatanen Colby Robak 40 1 2 2
Penalty Kill 4 Players Forward
Center Wing Time % Phy DF OF
1 Vladimir Sobotka Jonathan Ferland 60 1 2 2
2 Mikhail Grabovski Stephane Veilleux 40 1 2 2
Penalty Kill 4 Players Defense
Defense Defense Time % Phy DF OF
1 Brendan Mikkelson Marc Methot 60 1 2 2
2 Zach Redmond Colby Robak 40 1 2 2
Penalty Kill - 3 Players Forward
Forward Time % Phy DF OF
1 Jonathan Ferland 60 1 2 2
2 Vladimir Sobotka 40 1 2 2
Penalty Kill - 3 Players Defense
Defense Defense Time % Phy DF OF
1 Brendan Mikkelson Marc Methot 60 1 2 2
2 Zach Redmond Colby Robak 40 1 2 2
4 vs 4 Forward
Center Wing Time % Phy DF OF
1 Mikhail Grabovski Jonathan Ferland 60 1 2 2
2 Vladimir Sobotka Stephane Veilleux 40 1 2 2
4 vs 4 Defense
Defense Defense Time % Phy DF OF
1 Brendan Mikkelson Yannick Weber 60 1 2 2
2 Sami Vatanen Marc Methot 40 1 2 2
Last Minutes Offensive
Center Left Wing Right Wing Defense Defense
Mikhail Grabovski Stephane Veilleux Jonathan Ferland Brendan Mikkelson Yannick Weber
Last Minutes Defensive
Center Left Wing Right Wing Defense Defense
Mikhail Grabovski Stephane Veilleux Jonathan Ferland Brendan Mikkelson Marc Methot
Goaltenders
Starting : Josh Harding
Backup : Michael Hutchinson
Extra Forwards
Normal : Vladimir Sobotka, Vladimir Zharkov, Brian Boyle - PP : Pavel Vorobiev, Beau Bennett - PK : Brian Boyle
Extra Defensemen
Normal : Colby Robak, Sami Vatanen, Marc Methot - PP : Sami Vatanen - PK : Colby Robak, Zach Redmond
Penalty Shots
Mikhail Grabovski, Vladimir Zharkov, Jonathan Ferland, Evgeny Kuznetsov, Pavel Vorobiev
% Time on Ice - Demolitions
Lines # - Real PCT - Wanted PCT - Time Play
Normal Forward
1 - 33% - 40% - 14:35
2 - 30% - 30% - 13:35
3 - 24% - 20% - 10:53
4 - 13% - 10% - 5:45
Normal Defense
1 - 42% - 40% - 18:54
2 - 30% - 30% - 13:34
3 - 16% - 20% - 7:19
4 - 11% - 10% - 5:01
PP Forward
1 - 52% - 60% - 4:22
2 - 48% - 40% - 4:05
PP Defense
1 - 68% - 60% - 5:45
2 - 32% - 40% - 2:42
PK Forward
1 - 85% - 60% - 4:35
2 - 15% - 40% - 0:49
PK Defense
1 - 61% - 60% - 3:19
2 - 39% - 40% - 2:05
PK3 Forward
1 - 0% - 60%
2 - 0% - 40%
PK3 Defense
1 - 0% - 60%
2 - 0% - 40%
44 Forward
1 - 73% - 60% - 0:59
2 - 27% - 40% - 0:22
44 Defense
1 - 94% - 60% - 1:16
2 - 6% - 40% - 0:05
Last Minute Offensive - 0:00
Last Minute Defensive - 0:00
Total
Forward - 60:00
Defense - 60:00
|
% Time on Ice - Inferno
Lines # - Real PCT - Wanted PCT - Time Play
Normal Forward
1 - 35% - 40% - 15:28
2 - 30% - 30% - 13:38
3 - 20% - 20% - 8:48
4 - 15% - 10% - 6:54
Normal Defense
1 - 40% - 40% - 17:54
2 - 36% - 30% - 15:55
3 - 20% - 20% - 9:02
4 - 4% - 10% - 1:57
PP Forward
1 - 60% - 60% - 3:13
2 - 40% - 40% - 2:11
PP Defense
1 - 64% - 60% - 3:26
2 - 36% - 40% - 1:58
PK Forward
1 - 71% - 60% - 6:01
2 - 29% - 40% - 2:26
PK Defense
1 - 62% - 60% - 5:13
2 - 38% - 40% - 3:14
PK3 Forward
1 - 0% - 60%
2 - 0% - 40%
PK3 Defense
1 - 0% - 60%
2 - 0% - 40%
44 Forward
1 - 75% - 60% - 1:01
2 - 25% - 40% - 0:20
44 Defense
1 - 68% - 60% - 0:55
2 - 32% - 40% - 0:26
Last Minute Offensive - 0:00
Last Minute Defensive - 0:00
Total
Forward - 60:00
Defense - 60:00
|
Play by Play
1st period
0:01 of 1st period - Mikhail Grabovski wins face-off versus Ryan Craig in neutral zone.
0:04 of 1st period - Bobby Butler is hit by Mikhail Grabovski and loses puck.
0:49 of 1st period - Snap shot by Pavel Vorobiev.
0:49 of 1st period - Stopped by Brent Krahn with a rebound.
1:34 of 1st period - Snap shot by Stephane Veilleux.
1:34 of 1st period - Shot Blocked by Nigel Dawes.
1:48 of 1st period - Bobby Butler is hit by Zach Redmond and loses puck.
2:02 of 1st period - Icing by Seth Helgeson.
2:03 of 1st period - Brian Boyle wins face-off versus Nicolas Blanchard in Demolitions zone.
2:12 of 1st period - Colby Robak is hit by Robert Klinkhammer and loses puck.
2:26 of 1st period - Icing by Robert Bortuzzo.
2:27 of 1st period - Mikhail Grabovski wins face-off versus Robert Klinkhammer in Demolitions zone.
2:40 of 1st period - Slapshot by Jonathan Ferland.
2:40 of 1st period - Stopped by Brent Krahn with a rebound.
2:42 of 1st period - Slapshot by Marc Methot.
2:42 of 1st period - Stopped by Brent Krahn with a rebound.
3:02 of 1st period - Wrist shot by Ryan Craig.
3:02 of 1st period - Deflect By Konstantin Pushkarev.
3:02 of 1st period - Deflect By Vladimir Sobotka.
3:02 of 1st period - Shot Blocked by David Ullstrom.
3:02 of 1st period - Puck is out of play.
3:03 of 1st period - Mikhail Grabovski wins face-off versus Darren Helm in Inferno zone.
3:14 of 1st period - Snap shot by Stephane Veilleux.
3:14 of 1st period - Shot Blocked by Anton Babchuk.
3:28 of 1st period - Ryan Craig is hit by Vladimir Zharkov and loses puck.
3:34 of 1st period - Off-side.
3:35 of 1st period - Cal O'Reilly wins face-off versus Ryan Craig in neutral zone.
4:10 of 1st period - Wrist shot by Darren Helm.
4:10 of 1st period - Stopped by Josh Harding without a rebound.
4:11 of 1st period - Brian Boyle wins face-off versus Darren Helm in Inferno zone.
4:36 of 1st period - Nigel Dawes is hit by Mikhail Grabovski and loses puck.
5:28 of 1st period - Off-side.
5:29 of 1st period - Mikhail Grabovski wins face-off versus Ryan Craig in neutral zone.
6:01 of 1st period - Ryan Craig is hit by Pavel Vorobiev and loses puck.
6:14 of 1st period - Wrist shot by Bobby Butler.
6:14 of 1st period - Deflect By Ryan Craig.
6:14 of 1st period - Deflect By Brendan Mikkelson.
6:14 of 1st period - Shot Blocked by Brendan Mikkelson.
6:14 of 1st period - Puck is out of play.
6:15 of 1st period - Vladimir Zharkov wins face-off versus Darren Helm in Inferno zone.
6:17 of 1st period - Icing by Vladimir Sobotka.
6:18 of 1st period - Vladimir Sobotka wins face-off versus Darren Helm in Inferno zone.
6:53 of 1st period - Wrist shot by Stephane Veilleux.
6:53 of 1st period - Shot Misses the Net.
6:55 of 1st period - Snap shot by Mikhail Grabovski.
6:55 of 1st period - Shot Blocked by Nick Pryor.
7:17 of 1st period - Slapshot by Ryan Craig.
7:17 of 1st period - Stopped by Josh Harding without a rebound.
7:18 of 1st period - Ryan Craig wins face-off versus Mikhail Grabovski in Inferno zone.
8:05 of 1st period - Slapshot by Brian Boyle.
8:05 of 1st period - Shot Blocked by Anton Babchuk.
8:07 of 1st period - Slapshot by Sami Vatanen.
8:07 of 1st period - Shot Misses the Net.
8:09 of 1st period - Snap shot by Pavel Vorobiev.
8:09 of 1st period - Shot Misses the Net.
8:42 of 1st period - Brendan Mikkelson is hit by Nigel Dawes and loses puck.
9:08 of 1st period - Snap shot by Vladimir Zharkov.
9:08 of 1st period - Deflect By Vladimir Sobotka.
9:08 of 1st period - Shot Blocked by Bobby Butler.
9:08 of 1st period - Puck is out of play.
9:09 of 1st period - Darren Helm wins face-off versus Mikhail Grabovski in Demolitions zone.
9:20 of 1st period - Wrist shot by Darren Helm.
9:20 of 1st period - Stopped by Josh Harding without a rebound.
9:21 of 1st period - Ryan Craig wins face-off versus Mikhail Grabovski in Inferno zone.
9:52 of 1st period - Off-side.
9:53 of 1st period - Vladimir Sobotka wins face-off versus Nicolas Blanchard in neutral zone.
10:10 of 1st period - Slapshot by Nicolas Blanchard.
10:10 of 1st period - Stopped by Josh Harding without a rebound.
10:11 of 1st period - Mikhail Grabovski wins face-off versus Ryan Craig in Inferno zone.
10:16 of 1st period - Ryan Craig is hit by Mikhail Grabovski and loses puck.
10:21 of 1st period - Snap shot by Stephane Veilleux.
10:21 of 1st period - Shot Blocked by Robert Bortuzzo.
10:25 of 1st period - Snap shot by Stephane Veilleux.
10:25 of 1st period - Stopped by Brent Krahn with a rebound.
10:27 of 1st period - Slapshot by Mikhail Grabovski.
10:27 of 1st period - Deflect By Stephane Veilleux.
10:27 of 1st period - Stopped by Brent Krahn with a rebound.
10:37 of 1st period - Bobby Butler is hit by Vladimir Sobotka and loses puck.
11:26 of 1st period - Snap shot by Vladimir Zharkov.
11:26 of 1st period - Deflect By Vladimir Sobotka.
11:26 of 1st period - Shot Blocked by Ryan Craig.
11:26 of 1st period - Puck is out of play.
11:27 of 1st period - Mikhail Grabovski wins face-off versus Darren Helm in Demolitions zone.
11:52 of 1st period - Brendan Mikkelson is hit by Nicolas Blanchard and loses puck.
12:15 of 1st period - Backhand shot by Corban Knight.
12:15 of 1st period - Shot Blocked by Brendan Mikkelson.
12:31 of 1st period - Minor Penalty to Brian Boyle for Roughing.
12:32 of 1st period - Vladimir Sobotka wins face-off versus Darren Helm in Inferno zone.
12:41 of 1st period - Jonathan Ferland is hit by Tom Kuhnhackl and loses puck.
13:15 of 1st period - Wrist shot by Bobby Butler.
13:15 of 1st period - Goal by Bobby Butler - Demolitions : 1 - Inferno : 0.
13:16 of 1st period - Mikhail Grabovski wins face-off versus Ryan Craig in neutral zone.
13:32 of 1st period - Minor Penalty to Jonathan Ferland for Holding.
13:33 of 1st period - Ryan Craig wins face-off versus Vladimir Sobotka in Inferno zone.
13:58 of 1st period - Wrist shot by Nigel Dawes.
13:58 of 1st period - Goal by Nigel Dawes - Demolitions : 2 - Inferno : 0.
13:59 of 1st period - Darren Helm wins face-off versus Mikhail Grabovski in neutral zone.
14:28 of 1st period - Off-side.
14:29 of 1st period - Vladimir Sobotka wins face-off versus Ryan Craig in neutral zone.
14:31 of 1st period - Minor Penalty to Vladimir Zharkov for Holding.
14:32 of 1st period - Vladimir Sobotka wins face-off versus Ryan Craig in Inferno zone.
15:26 of 1st period - Icing by Seth Helgeson.
15:27 of 1st period - Ryan Craig wins face-off versus Vladimir Sobotka in Demolitions zone.
15:32 of 1st period - Wrist shot by Bobby Butler.
15:32 of 1st period - Shot Misses the Net.
15:34 of 1st period - Snap shot by Ryan Craig.
15:34 of 1st period - Stopped by Josh Harding with a rebound.
16:06 of 1st period - Snap shot by Stephane Veilleux.
16:06 of 1st period - Shot Blocked by Bobby Butler.
16:31 of 1st period - Penalty to Vladimir Zharkov is over, Vladimir Zharkov is back on ice.
16:48 of 1st period - Nicolas Blanchard is hit by Colby Robak and loses puck.
17:08 of 1st period - Ryan Craig is hit by Cal O'Reilly and loses puck.
17:23 of 1st period - Slapshot by Sami Vatanen.
17:23 of 1st period - Stopped by Brent Krahn with a rebound.
17:25 of 1st period - Snap shot by Mikhail Grabovski.
17:25 of 1st period - Stopped by Brent Krahn without a rebound.
17:26 of 1st period - Nicolas Blanchard wins face-off versus Mikhail Grabovski in Demolitions zone.
17:35 of 1st period - Slapshot by Robert Klinkhammer.
17:35 of 1st period - Shot Misses the Net.
17:49 of 1st period - Vladimir Sobotka is hit by Nigel Dawes and loses puck.
18:19 of 1st period - Snap shot by Brian Boyle.
18:19 of 1st period - Stopped by Brent Krahn with a rebound.
18:29 of 1st period - Anton Babchuk is hit by Jonathan Ferland and loses puck.
18:34 of 1st period - Wrist shot by Stephane Veilleux.
18:34 of 1st period - Shot Blocked by Bobby Butler.
18:36 of 1st period - Slapshot by Jonathan Ferland.
18:36 of 1st period - Shot Misses the Net.
18:38 of 1st period - Snap shot by Stephane Veilleux.
18:38 of 1st period - Shot Blocked by Ryan Craig.
18:58 of 1st period - Wrist shot by Nicolas Blanchard.
18:58 of 1st period - Stopped by Josh Harding without a rebound.
18:59 of 1st period - Darren Helm wins face-off versus Vladimir Sobotka in Inferno zone.
19:14 of 1st period - Slapshot by Darren Helm.
19:14 of 1st period - Shot Blocked by Brendan Mikkelson.
19:58 of 1st period - Wrist shot by Vladimir Sobotka.
19:58 of 1st period - Stopped by Brent Krahn with a rebound.
Goals for this period are 2 for Demolitions vs 0 for Inferno.
Shots for this period are 8 for Demolitions vs 9 for Inferno.
2nd period
0:01 of 2nd period - Ryan Craig wins face-off versus Mikhail Grabovski in neutral zone.
0:12 of 2nd period - Snap shot by Jonathan Ferland.
0:12 of 2nd period - Shot Misses the Net.
1:13 of 2nd period - Off-side.
1:14 of 2nd period - Jonathan Ferland wins face-off versus Corban Knight in neutral zone.
1:35 of 2nd period - Taylor Aronson is hit by Mikhail Grabovski.
1:39 of 2nd period - Mikhail Grabovski is hit by Ryan Craig.
1:43 of 2nd period - Slapshot by Stephane Veilleux.
1:43 of 2nd period - Stopped by Brent Krahn without a rebound.
1:44 of 2nd period - Vladimir Sobotka wins face-off versus Darren Helm in Demolitions zone.
1:57 of 2nd period - Snap shot by Darren Helm.
1:57 of 2nd period - Stopped by Josh Harding without a rebound.
1:58 of 2nd period - Mikhail Grabovski wins face-off versus Ryan Craig in Inferno zone.
2:14 of 2nd period - Slapshot by Konstantin Pushkarev.
2:14 of 2nd period - Stopped by Josh Harding with a rebound.
3:09 of 2nd period - Slapshot by Marc Methot.
3:09 of 2nd period - Shot Blocked by Robert Klinkhammer.
3:29 of 2nd period - Sami Vatanen is hit by Tom Kuhnhackl and loses puck.
3:36 of 2nd period - Snap shot by Darren Helm.
3:36 of 2nd period - Shot Blocked by Marc Methot.
3:45 of 2nd period - Off-side.
3:46 of 2nd period - Mikhail Grabovski wins face-off versus Ryan Craig in neutral zone.
3:49 of 2nd period - Slapshot by Brendan Mikkelson.
3:49 of 2nd period - Stopped by Brent Krahn with a rebound.
4:19 of 2nd period - Snap shot by Vladimir Zharkov.
4:19 of 2nd period - Stopped by Brent Krahn without a rebound.
4:20 of 2nd period - Mikhail Grabovski wins face-off versus Nicolas Blanchard in Demolitions zone.
4:47 of 2nd period - Konstantin Pushkarev is hit by Vladimir Sobotka and loses puck.
5:24 of 2nd period - Slapshot by Yannick Weber.
5:24 of 2nd period - Stopped by Brent Krahn with a rebound.
5:42 of 2nd period - Slapshot by Yannick Weber.
5:42 of 2nd period - Shot Blocked by Robert Klinkhammer.
5:52 of 2nd period - Jonathan Ferland is hit by Nicolas Blanchard and loses puck.
6:04 of 2nd period - Minor Penalty to David Ullstrom for Roughing.
6:05 of 2nd period - Ryan Craig wins face-off versus Vladimir Sobotka in Inferno zone.
6:10 of 2nd period - Wrist shot by Konstantin Pushkarev.
6:10 of 2nd period - Shot Misses the Net.
6:20 of 2nd period - Snap shot by Jonathan Ferland.
6:20 of 2nd period - Shot Misses the Net.
6:41 of 2nd period - Snap shot by Nigel Dawes.
6:41 of 2nd period - Shot Misses the Net.
6:43 of 2nd period - Slapshot by Anton Babchuk.
6:43 of 2nd period - Deflect By Vladimir Sobotka.
6:43 of 2nd period - Stopped by Josh Harding with a rebound.
7:43 of 2nd period - Zach Redmond is hit by Bobby Butler and loses puck.
8:04 of 2nd period - Penalty to David Ullstrom is over, David Ullstrom is back on ice.
8:22 of 2nd period - Wrist shot by Nicolas Blanchard.
8:22 of 2nd period - Stopped by Josh Harding without a rebound.
8:23 of 2nd period - Cal O'Reilly wins face-off versus Nicolas Blanchard in Inferno zone.
8:35 of 2nd period - Backhand shot by Beau Bennett.
8:35 of 2nd period - Shot Misses the Net.
8:45 of 2nd period - Wrist shot by Josh Beaulieu.
8:45 of 2nd period - Shot Blocked by Zach Redmond.
8:47 of 2nd period - Snap shot by Josh Beaulieu.
8:47 of 2nd period - Goal by Josh Beaulieu - Demolitions : 3 - Inferno : 0.
8:48 of 2nd period - Mikhail Grabovski wins face-off versus Ryan Craig in neutral zone.
9:03 of 2nd period - Snap shot by Konstantin Pushkarev.
9:03 of 2nd period - Shot Misses the Net.
9:22 of 2nd period - Snap shot by Vladimir Sobotka.
9:22 of 2nd period - Shot Blocked by Robert Bortuzzo.
9:24 of 2nd period - Slapshot by Sami Vatanen.
9:24 of 2nd period - Shot Blocked by Seth Helgeson.
9:26 of 2nd period - Wrist shot by David Ullstrom.
9:26 of 2nd period - Stopped by Brent Krahn with a rebound.
9:43 of 2nd period - Snap shot by Robert Klinkhammer.
9:43 of 2nd period - Stopped by Josh Harding with a rebound.
9:45 of 2nd period - Wrist shot by Robert Klinkhammer.
9:45 of 2nd period - Shot Misses the Net.
9:47 of 2nd period - Slapshot by Robert Bortuzzo.
9:47 of 2nd period - Stopped by Josh Harding without a rebound.
9:48 of 2nd period - Mikhail Grabovski wins face-off versus Ryan Craig in Inferno zone.
10:10 of 2nd period - Icing by Anton Babchuk.
10:11 of 2nd period - Vladimir Sobotka wins face-off versus Ryan Craig in Demolitions zone.
10:28 of 2nd period - Wrist shot by Ryan Craig.
10:28 of 2nd period - Deflect By Konstantin Pushkarev.
10:28 of 2nd period - Shot Misses the Net.
10:28 of 2nd period - Puck is out of play.
10:29 of 2nd period - Mikhail Grabovski wins face-off versus Darren Helm in Inferno zone.
10:29 of 2nd period - Mikhail Grabovski is hit by Nigel Dawes.
10:41 of 2nd period - Wrist shot by Mikhail Grabovski.
10:41 of 2nd period - Stopped by Brent Krahn without a rebound.
10:42 of 2nd period - Ryan Craig wins face-off versus Mikhail Grabovski in Demolitions zone.
10:44 of 2nd period - Minor Penalty to Bobby Butler for Hooking.
10:45 of 2nd period - Ryan Craig wins face-off versus Mikhail Grabovski in Demolitions zone.
11:20 of 2nd period - Snap shot by David Ullstrom.
11:20 of 2nd period - Deflect By Cal O'Reilly.
11:20 of 2nd period - Goal by Cal O'Reilly - Demolitions : 3 - Inferno : 1.
11:21 of 2nd period - Darren Helm wins face-off versus Mikhail Grabovski in neutral zone.
11:49 of 2nd period - Minor Penalty to David Ullstrom for Elbowing.
11:50 of 2nd period - Vladimir Sobotka wins face-off versus Ryan Craig in Inferno zone.
12:01 of 2nd period - Snap shot by Bobby Butler.
12:01 of 2nd period - Deflect By Ryan Craig.
12:01 of 2nd period - Shot Blocked by Marc Methot.
12:01 of 2nd period - Puck is out of play.
12:02 of 2nd period - Vladimir Sobotka wins face-off versus Ryan Craig in Inferno zone.
12:27 of 2nd period - Minor Penalty to Darren Helm for Roughing.
12:28 of 2nd period - Ryan Craig wins face-off versus Mikhail Grabovski in Demolitions zone.
12:30 of 2nd period - Icing by Bobby Butler.
12:31 of 2nd period - Ryan Craig wins face-off versus Mikhail Grabovski in Demolitions zone.
12:40 of 2nd period - Backhand shot by Bobby Butler.
12:40 of 2nd period - Stopped by Josh Harding without a rebound.
12:41 of 2nd period - Mikhail Grabovski wins face-off versus Ryan Craig in Inferno zone.
12:52 of 2nd period - Wrist shot by Mikhail Grabovski.
12:52 of 2nd period - Shot Misses the Net.
12:54 of 2nd period - Slapshot by Yannick Weber.
12:54 of 2nd period - Shot Blocked by Andrew Campbell.
12:56 of 2nd period - Backhand shot by Mikhail Grabovski.
12:56 of 2nd period - Shot Misses the Net.
13:34 of 2nd period - Andrew Campbell is hit by Marc Methot.
13:49 of 2nd period - Penalty to David Ullstrom is over, David Ullstrom is back on ice.
13:52 of 2nd period - Wrist shot by Alex Hutchings.
13:52 of 2nd period - Shot Misses the Net.
13:58 of 2nd period - Backhand shot by Brendan Mikkelson.
13:58 of 2nd period - Stopped by Brent Krahn without a rebound.
13:59 of 2nd period - Cal O'Reilly wins face-off versus Ryan Craig in Demolitions zone.
14:02 of 2nd period - Slapshot by Vladimir Zharkov.
14:02 of 2nd period - Stopped by Brent Krahn without a rebound.
14:03 of 2nd period - Cal O'Reilly wins face-off versus Ryan Craig in Demolitions zone.
14:04 of 2nd period - Snap shot by Vladimir Zharkov.
14:04 of 2nd period - Stopped by Brent Krahn without a rebound.
14:05 of 2nd period - Ryan Craig wins face-off versus Vladimir Zharkov in Demolitions zone.
14:16 of 2nd period - Slapshot by Sami Vatanen.
14:16 of 2nd period - Deflect By Cal O'Reilly.
14:16 of 2nd period - Shot Misses the Net.
14:16 of 2nd period - Puck is out of play.
14:17 of 2nd period - Ryan Craig wins face-off versus Mikhail Grabovski in Demolitions zone.
14:27 of 2nd period - Penalty to Darren Helm is over, Darren Helm is back on ice.
14:28 of 2nd period - Slapshot by Stephane Veilleux.
14:28 of 2nd period - Shot Misses the Net.
14:36 of 2nd period - Slapshot by Ryan Craig.
14:36 of 2nd period - Shot Misses the Net.
14:38 of 2nd period - Slapshot by Ryan Craig.
14:38 of 2nd period - Shot Misses the Net.
14:40 of 2nd period - Wrist shot by Darren Helm.
14:40 of 2nd period - Shot Misses the Net.
14:42 of 2nd period - Snap shot by Ryan Craig.
14:42 of 2nd period - Shot Blocked by Brendan Mikkelson.
14:44 of 2nd period - Snap shot by Darren Helm.
14:44 of 2nd period - Shot Misses the Net.
14:46 of 2nd period - Slapshot by Anssi Salmela.
14:46 of 2nd period - Deflect By Darren Helm.
14:46 of 2nd period - Shot Blocked by Yannick Weber.
14:46 of 2nd period - Puck is out of play.
14:47 of 2nd period - Vladimir Sobotka wins face-off versus Nicolas Blanchard in Inferno zone.
14:54 of 2nd period - Snap shot by Robert Klinkhammer.
14:54 of 2nd period - Shot Misses the Net.
15:35 of 2nd period - Snap shot by Evgeny Kuznetsov.
15:35 of 2nd period - Shot Misses the Net.
15:37 of 2nd period - Slapshot by Sami Vatanen.
15:37 of 2nd period - Shot Blocked by Ryan Craig.
15:39 of 2nd period - Snap shot by Mikhail Grabovski.
15:39 of 2nd period - Shot Misses the Net.
15:41 of 2nd period - Wrist shot by Stephane Veilleux.
15:41 of 2nd period - Shot Misses the Net.
15:43 of 2nd period - Backhand shot by Stephane Veilleux.
15:43 of 2nd period - Stopped by Brent Krahn with a rebound.
15:45 of 2nd period - Snap shot by Jonathan Ferland.
15:45 of 2nd period - Shot Misses the Net.
16:01 of 2nd period - Wrist shot by Nicolas Blanchard.
16:01 of 2nd period - Stopped by Josh Harding with a rebound.
16:14 of 2nd period - Minor Penalty to Ryan Craig for Holding.
16:15 of 2nd period - Mikhail Grabovski wins face-off versus Alex Hutchings in Demolitions zone.
18:14 of 2nd period - Penalty to Ryan Craig is over, Ryan Craig is back on ice.
18:26 of 2nd period - Robert Klinkhammer is hit by Sami Vatanen and loses puck.
Goals for this period are 1 for Demolitions vs 1 for Inferno.
Shots for this period are 9 for Demolitions vs 11 for Inferno.
3rd period
0:01 of 3rd period - Mikhail Grabovski wins face-off versus Ryan Craig in neutral zone.
0:55 of 3rd period - Slapshot by Darren Helm.
0:55 of 3rd period - Stopped by Josh Harding without a rebound.
0:56 of 3rd period - Mikhail Grabovski wins face-off versus Darren Helm in Inferno zone.
1:00 of 3rd period - Off-side.
1:01 of 3rd period - Ryan Craig wins face-off versus Jonathan Ferland in neutral zone.
1:08 of 3rd period - Slapshot by Bobby Butler.
1:08 of 3rd period - Stopped by Josh Harding without a rebound.
1:09 of 3rd period - Mikhail Grabovski wins face-off versus Ryan Craig in Inferno zone.
1:09 of 3rd period - Mikhail Grabovski is hit by Konstantin Pushkarev.
1:50 of 3rd period - Minor Penalty to Vladimir Zharkov for Holding.
1:51 of 3rd period - Vladimir Sobotka wins face-off versus Ryan Craig in Inferno zone.
2:21 of 3rd period - Slapshot by Mikhail Grabovski.
2:21 of 3rd period - Stopped by Brent Krahn without a rebound.
2:22 of 3rd period - Mikhail Grabovski wins face-off versus Ryan Craig in Demolitions zone.
2:29 of 3rd period - Slapshot by Konstantin Pushkarev.
2:29 of 3rd period - Shot Misses the Net.
2:31 of 3rd period - Slapshot by Ryan Craig.
2:31 of 3rd period - Shot Misses the Net.
2:33 of 3rd period - Snap shot by Ryan Craig.
2:33 of 3rd period - Stopped by Josh Harding with a rebound.
3:19 of 3rd period - Snap shot by Darren Helm.
3:19 of 3rd period - Stopped by Josh Harding without a rebound.
3:20 of 3rd period - Vladimir Sobotka wins face-off versus Ryan Craig in Inferno zone.
3:27 of 3rd period - Wrist shot by Bobby Butler.
3:27 of 3rd period - Deflect By Konstantin Pushkarev.
3:27 of 3rd period - Shot Misses the Net.
3:27 of 3rd period - Puck is out of play.
3:28 of 3rd period - Vladimir Sobotka wins face-off versus Ryan Craig in Inferno zone.
3:28 of 3rd period - Vladimir Sobotka is hit by Ryan Craig.
3:50 of 3rd period - Penalty to Vladimir Zharkov is over, Vladimir Zharkov is back on ice.
3:52 of 3rd period - Snap shot by Bobby Butler.
3:52 of 3rd period - Stopped by Josh Harding with a rebound.
3:54 of 3rd period - Snap shot by Konstantin Pushkarev.
3:54 of 3rd period - Goal by Konstantin Pushkarev - Demolitions : 4 - Inferno : 1.
3:55 of 3rd period - Ryan Craig wins face-off versus Mikhail Grabovski in neutral zone.
4:21 of 3rd period - Andrew Campbell is hit by David Ullstrom and loses puck.
4:30 of 3rd period - Snap shot by David Ullstrom.
4:30 of 3rd period - Shot Blocked by Nigel Dawes.
4:46 of 3rd period - Backhand shot by Nicolas Blanchard.
4:46 of 3rd period - Stopped by Josh Harding with a rebound.
4:48 of 3rd period - Slapshot by Seth Helgeson.
4:48 of 3rd period - Deflect By Scott Glennie.
4:48 of 3rd period - Shot Misses the Net.
4:48 of 3rd period - Puck is out of play.
4:49 of 3rd period - Mikhail Grabovski wins face-off versus Nicolas Blanchard in Inferno zone.
5:47 of 3rd period - Ryan Craig is hit by Cal O'Reilly and loses puck.
6:50 of 3rd period - Minor Penalty to Stephane Veilleux for Hooking.
6:51 of 3rd period - Vladimir Sobotka wins face-off versus Darren Helm in Inferno zone.
7:32 of 3rd period - Wrist shot by Darren Helm.
7:32 of 3rd period - Goal by Darren Helm - Demolitions : 5 - Inferno : 1.
7:33 of 3rd period - Ryan Craig wins face-off versus Mikhail Grabovski in neutral zone.
7:40 of 3rd period - Backhand shot by Stephane Veilleux.
7:40 of 3rd period - Stopped by Brent Krahn without a rebound.
7:41 of 3rd period - Ryan Craig wins face-off versus Mikhail Grabovski in Demolitions zone.
7:48 of 3rd period - Slapshot by Bobby Butler.
7:48 of 3rd period - Deflect By Konstantin Pushkarev.
7:48 of 3rd period - Shot Misses the Net.
7:48 of 3rd period - Puck is out of play.
7:49 of 3rd period - Mikhail Grabovski wins face-off versus Ryan Craig in Inferno zone.
7:49 of 3rd period - Mikhail Grabovski is hit by Konstantin Pushkarev.
8:21 of 3rd period - Off-side.
8:22 of 3rd period - Vladimir Sobotka wins face-off versus Darren Helm in neutral zone.
8:27 of 3rd period - Snap shot by David Ullstrom.
8:27 of 3rd period - Stopped by Brent Krahn without a rebound.
8:28 of 3rd period - Vladimir Sobotka wins face-off versus Darren Helm in Demolitions zone.
8:31 of 3rd period - Wrist shot by Vladimir Zharkov.
8:31 of 3rd period - Stopped by Brent Krahn without a rebound.
8:32 of 3rd period - Vladimir Sobotka wins face-off versus Darren Helm in Demolitions zone.
8:34 of 3rd period - Sami Vatanen and Anton Babchuk fight to a draw.
8:34 of 3rd period - Penalty to Sami Vatanen for Fighting.
8:34 of 3rd period - Penalty to Anton Babchuk for Fighting.
8:34 of 3rd period - Penalty to Anton Babchuk for instigated a fight.
8:34 of 3rd period - Penalty to Anton Babchuk for instigated a fight.
8:35 of 3rd period - Mikhail Grabovski wins face-off versus Ryan Craig in Demolitions zone.
9:11 of 3rd period - Wrist shot by Mikhail Grabovski.
9:11 of 3rd period - Stopped by Brent Krahn with a rebound.
9:13 of 3rd period - Slapshot by Yannick Weber.
9:13 of 3rd period - Shot Blocked by Nigel Dawes.
9:15 of 3rd period - Snap shot by Yannick Weber.
9:15 of 3rd period - Shot Blocked by Anssi Salmela.
9:17 of 3rd period - Wrist shot by Jonathan Ferland.
9:17 of 3rd period - Shot Blocked by Andrew Campbell.
9:35 of 3rd period - Snap shot by Jonathan Ferland.
9:35 of 3rd period - Stopped by Brent Krahn without a rebound.
9:36 of 3rd period - Ryan Craig wins face-off versus Vladimir Zharkov in Demolitions zone.
10:18 of 3rd period - Andrew Campbell is hit by Stephane Veilleux and loses puck.
10:34 of 3rd period - Penalty to Anton Babchuk is over, Alex Hutchings is send on ice.
11:07 of 3rd period - Snap shot by Beau Bennett.
11:07 of 3rd period - Stopped by Brent Krahn with a rebound.
11:38 of 3rd period - Evgeny Kuznetsov is hit by Seth Helgeson and loses puck.
11:53 of 3rd period - Bobby Butler is hit by Vladimir Sobotka.
12:01 of 3rd period - David Ullstrom is hit by Konstantin Pushkarev and loses puck.
13:08 of 3rd period - Bobby Butler is hit by Zach Redmond and loses puck.
13:35 of 3rd period - Mikhail Grabovski is hit by Seth Helgeson and loses puck.
13:44 of 3rd period - Robert Bortuzzo is hit by Jonathan Ferland.
14:16 of 3rd period - Corban Knight is hit by Pavel Vorobiev and loses puck.
14:29 of 3rd period - Konstantin Pushkarev is hit by Cal O'Reilly.
15:24 of 3rd period - Jonathan Ferland is hit by Ryan Craig and loses puck.
15:53 of 3rd period - Zach Redmond is hit by Bobby Butler.
16:16 of 3rd period - Robert Klinkhammer is hit by Vladimir Sobotka and loses puck.
16:56 of 3rd period - Evgeny Kuznetsov is hit by Ryan Craig and loses puck.
17:11 of 3rd period - Bobby Butler is hit by Jonathan Ferland and loses puck.
17:41 of 3rd period - Andrew Campbell is hit by Sami Vatanen and loses puck.
17:54 of 3rd period - Bobby Butler is hit by Brian Boyle and loses puck.
18:07 of 3rd period - Wrist shot by Corban Knight.
18:07 of 3rd period - Stopped by Josh Harding with a rebound.
18:09 of 3rd period - Slapshot by Corban Knight.
18:09 of 3rd period - Stopped by Josh Harding with a rebound.
18:43 of 3rd period - Nigel Dawes is hit by Vladimir Sobotka and loses puck.
19:05 of 3rd period - Minor Penalty to Scott Glennie for Interference.
19:06 of 3rd period - Mikhail Grabovski wins face-off versus Ryan Craig in Demolitions zone.
19:09 of 3rd period - Snap shot by Jonathan Ferland.
19:09 of 3rd period - Shot Misses the Net.
19:11 of 3rd period - Snap shot by Stephane Veilleux.
19:11 of 3rd period - Deflect By Mikhail Grabovski.
19:11 of 3rd period - Shot Misses the Net.
19:11 of 3rd period - Puck is out of play.
19:12 of 3rd period - Mikhail Grabovski wins face-off versus Ryan Craig in Demolitions zone.
19:17 of 3rd period - Snap shot by Stephane Veilleux.
19:17 of 3rd period - Goal by Stephane Veilleux - Demolitions : 5 - Inferno : 2.
19:18 of 3rd period - Mikhail Grabovski wins face-off versus Konstantin Pushkarev in neutral zone.
19:20 of 3rd period - Off-side.
19:21 of 3rd period - Ryan Craig wins face-off versus Mikhail Grabovski in neutral zone.
19:30 of 3rd period - Wrist shot by Ryan Craig.
19:30 of 3rd period - Stopped by Josh Harding with a rebound.
19:36 of 3rd period - Wrist shot by Jonathan Ferland.
19:36 of 3rd period - Shot Blocked by Chris Wideman.
Goals for this period are 2 for Demolitions vs 1 for Inferno.
Shots for this period are 11 for Demolitions vs 8 for Inferno.
Back to the Top